 Dungeon Crawl Stone Soup version 0.30-a0-373-gd37427bb62 (webtiles) character file.

Game seed: 901306039993804845

116 Raultor the Changer (level 5, -1/33 HPs)
             Began as an Octopode Transmuter on Nov 23, 2022.
             Engulfed by an orc wizard's steam (9 damage)
             ... on level 3 of the Dungeon.
             The game lasted 00:09:39 (1859 turns).

Raultor the Changer (Octopode Transmuter)           Turns: 1859, Time: 00:09:40

Health: -1/33      AC:  1    Str: 11    XL:     5   Next: 1%
Magic:  8/8        EV: 13    Int: 16    God:
Gold:   73         SH:  0    Dex: 12    Spells: 2/8 levels left

rFire   . . .      SeeInvis .      - Unarmed
rCold   . . .      Faith    .    (no shield)
rNeg    . . .      Spirit   .    (helmet restricted)
rPois   .          Reflect  .    (no amulet)
rElec   .          Harm     .    Z - ring of wizardry
rCorr   .          Rampage  .    (no ring)
Will    .....                    (no ring)
Stlth   +++.......               (no ring)
HPRegen 0.25/turn                (no ring)
MPRegen 0.11/turn                (no ring)
                                 (no ring)
                                 (no ring)

@: confused
A: almost no armour, amphibious, 8 rings, camouflage 1, gelatinous body 1,
nimble swimmer 1, tentacles
a: no special abilities


You were on level 3 of the Dungeon.
You visited 1 branch of the dungeon, and saw 3 of its levels.

You collected 73 gold pieces.


Innate Abilities, Weirdness & Mutations

You cannot wear most types of armour.
You are amphibious.
You can wear up to eight rings at the same time.
Your skin changes colour to match your surroundings (Stealth+).
Your rubbery body absorbs attacks. (AC +1, EV +1)
You are camouflaged when in or above water. (Stealth+)
You have tentacles for arms and can constrict up to eight enemies at once.


   Skills:
 - Level 1.0 Fighting
 - Level 2.0 Dodging
 - Level 3.0 Unarmed Combat
 - Level 2.0 Spellcasting
 + Level 4.3 Transmutations
 * Level 2.7 Poison Magic


You had 2 spell levels left.
You knew the following spells:

 Your Spells              Type           Power      Damage    Failure   Level
b - Beastly Appendage     Tmut           30%        N/A       1%          1
s - Spider Form           Tmut/Pois      12%        N/A       6%          3
w - Wereblood             Tmut           15%        N/A       2%          2

Your spell library contained the following spells:

 Spells                   Type           Power      Damage    Failure   Level
 Sting                    Tmut/Pois      48%        1d5       1%          1
 Poisonous Vapours        Pois/Air       10%        N/A       8%          2
 Sublimation of Blood     Necr           1%         N/A       12%         2
 Stone Arrow              Conj/Erth      2%         3d7       24%         3
 Olgreb's Toxic Radiance  Pois           10%        N/A       26%         4
 Ice Form                 Ice/Tmut       8%         N/A       32%         4
 Summon Hydra             Summ           0%         N/A       100%        7
 Lehudib's Crystal Spear  Conj/Erth      0%         10d2      100%        8
 Animate Armour           Summ/Erth      Unusable   N/A       N/A         4

Inventory:

Missiles
 j - a throwing net {=f}
Jewellery
 Z - a ring of wizardry (left tentacle)
Scrolls
 a - a scroll of identify {unknown}
 b - a scroll of teleportation {unknown}
 c - 3 scrolls of silence {unknown}
 d - a scroll of enchant armour {unknown}
 e - a scroll of fear {unknown}
Potions
 f - a potion of flight
 g - a potion of haste {unknown}
 h - a potion of heal wounds {unknown}
 i - a potion of brilliance {unknown}

Dungeon Overview and Level Annotations

Branches:
Dungeon (3/15)

Altars:

♣▒ ♣~♣~♣ ▒♣oS~♣
###♣@♣ ##.#~♣▒
########..'~♣
.......>..#♣~~♣
######...# ###
#.###
#.########.#
#.#........#
#....#######


You could see an orc wizard and an adder.


Message History

You barely miss the orc wizard.
You hear an angry hiss.
A ball python comes into view.
The orc wizard points at you and mumbles some strange words.
You are more confused.
The ball python moves out of view.
You bump into the tree.
The orc wizard closely misses you.
You're too confused to move!
The orc wizard gestures at you while chanting.
The puff of flame hits you!
You miss the orc wizard. Your squeeze misses the orc wizard.
You are engulfed in a cloud of scalding steam.
An adder comes into view.
The orc wizard splashes around in the water.
You tentacle-slap the orc wizard.
The orc wizard is lightly wounded.
You are engulfed in a cloud of scalding steam.
* * * LOW HITPOINT WARNING * * *
Your tentacle spike disappears.
The orc wizard gestures at you while chanting.
You resist with some effort.
You bump into the stone wall.
You are engulfed in a cloud of scalding steam.
The orc wizard hits you with a +0 dagger.
* * * LOW HITPOINT WARNING * * *
Unknown command.
You miss the orc wizard.
The orc wizard is lightly wounded.
You are engulfed in a cloud of scalding steam.
You die...

Skill      XL: |  1  2  3  4 |
---------------+-------------+-----
Transmutations | 3 4 |  4.3
Poison Magic   | 1 2 |  2.7
Fighting       | |  1.0
Dodging        | |  2.0
Unarmed Combat | |  3.0
Spellcasting   | |  2.0

Action                   |  1- 3 |  4- 6 || total
-------------------------+-------+-------++-------
Melee: Unarmed           |    56 |    59 ||   115
       Constrict         |    13 |    14 ||    27
       Tentacles         |    11 |    10 ||    21
       Kick              |     7 |     8 ||    15
       Punch             |     3 |       ||     3
 Cast: Beastly Appendage |     7 |     5 ||    12
       Wereblood         |     2 |     2 ||     4
       Spider Form       |       |     1 ||     1
  Use: Potion            |     3 |       ||     3
 Stab: Sleeping          |     3 |     5 ||     8
Armor: Skin              |     3 |     4 ||     7
Dodge: Dodged            |    24 |    24 ||    48

Levels and vault maps discovered:
D:1:      beargit_arrival_greenhouse, layout_rooms,
          chequers_ecumenical_altar_island
D:2:      layout_basic
D:3:      layout_loops_ring, saegor_snake_ambush, uniq_natasha, uniq_robin

Notes
Turn   | Place    | Note
-------+----------+-------------------------------------------
     0 | D:1      | Raultor the Octopode Transmuter began the quest for the
                  | Orb.
     0 | D:1      | Reached XP level 1. HP: 13/13 MP: 3/3
   107 | D:1      | HP: 1/13 [poisoned by a kobold]
   199 | D:1      | Reached XP level 2. HP: 13/18 MP: 5/5
   223 | D:1      | Found a faded altar of an unknown god.
   257 | D:1      | Learned a level 2 spell: Wereblood
   273 | D:1      | Reached skill level 3 in Transmutations
   659 | D:2      | Reached XP level 3. HP: 9/23 MP: 4/6
   665 | D:2      | HP: 2/23 [poisoned by an adder]
   926 | D:2      | Learned a level 3 spell: Spider Form
   951 | D:2      | Reached skill level 4 in Transmutations
   956 | D:2      | Reached skill level 1 in Poison Magic
   956 | D:2      | Reached XP level 4. HP: 16/28 MP: 5/7
  1320 | D:2      | Reached skill level 2 in Poison Magic
  1851 | D:3      | Reached XP level 5. HP: 33/33 MP: 8/8
  1859 | D:3      | Engulfed by an orc wizard's steam

Vanquished Creatures
  7 adders
  An orc (D:2)
  5 ball pythons
  6 endoplasms
  3 giant cockroaches
  8 goblins
  6 hobgoblins
  A quokka (D:1)
  A bat (D:2)
  5 frilled lizards
  3 kobolds
  5 rats
51 creatures vanquished.

Table legend: (Time is in decaauts)
 A = Elapsed time spent in this place.
 B = Non-inter-level travel time spent in this place.
 C = Inter-level travel time spent in this place.
 D = Time resting spent in this place.
 E = Time spent auto-exploring this place.
 F = Levels seen in this place.
 G = Mean time per level.
                   A        B        C        D        E       F      G
               +--------+--------+--------+--------+--------+-----+--------+
         Total |   1851 |   1785 |     66 |      0 |   1316 |   3 |  617.0 |
       Dungeon |   1851 |   1785 |     66 |      0 |   1316 |   3 |  617.0 |
               +--------+--------+--------+--------+--------+-----+--------+

Top non-repeatable levels by time:
     D:2: 1165 daAuts
     D:1: 577 daAuts
     D:3: 107 daAuts

Table legend:
 A = Non-vault XP
 B = Vault XP
 C = Vault XP percentage of total XP
 D = Non-vault monster count
 E = Vault monster count
 F = Vault count percentage of total count
                 A         B        C        D         E       F
            +---------+---------+-------+---------+---------+-------
      Total |     154 |      13 |   7.8 |      50 |       1 |   2.0
            +---------+---------+-------+---------+---------+-------
        D:1 |      31 |       0 |   0.0 |      18 |       0 |   0.0
        D:2 |     113 |       0 |   0.0 |      27 |       0 |   0.0
        D:3 |      10 |      13 |  56.5 |       5 |       1 |  16.7
            +---------+---------+-------+---------+---------+-------
